[Event "Titled Tuesday Blitz August 09 Early 2022"]
[White "Vasques, Antonio Pedro Freixial"]
[Black "Matveeva, Olga"]
[WhiteFideId "1908332"]
[BlackFideId "24107018"]
[WhiteElo "2243"]
[BlackElo "2052"]
[Result "0-1"]
[Round "08"]
[TimeControl "180+1"]
[Date "2022.08.09"]
[WhiteClock "0:01:50"]
[BlackClock "0:00:05"]

1. e4 e6 2. d4 d5 3. Nc3 Nf6 4. Bg5 Bb4 5. e5 h6 6. Bd2 Bxc3 7. bxc3 Ne4 8. Bd3 Nxd2 9. Qxd2 c5 10. f4 Nc6 11. Nf3 Bd7 12. O-O-O cxd4 13. cxd4 Rc8 14. Kb1 Qa5 15. Qxa5 Nxa5 16. Nd2 Ba4 17. Nb3 Nc4 18. Bxc4 Rxc4 19. f5 exf5 20. Rhf1 g6 21. Kb2 Ke7 22. c3 Rhc8 23. Rd3 Bxb3 24. axb3 R4c6 25. h4 h5 26. Ra1 a6 27. Ra5 Ke6 28. c4 dxc4 29. d5+ Ke7 30. dxc6 cxd3 31. cxb7 Rb8 32. Rxa6 Rxb7 33. Kc3 Rb5 34. Kxd3 Rxb3+ 35. Ke2 Rb5 36. Kf3 Rxe5 37. g3 Rb5 38. Rc6 Re5 39. Ra6 Re6 40. Ra7+ Kf6 41. Ra5 g5 42. hxg5+ Kxg5 43. Ra8 Rb6 44. Rg8+ Rg6 45. Rf8 Kf6 46. Rh8 Kg5 47. Rf8 Rf6 48. Rh8 Ra6 49. Rg8+ Kf6 50. Rh8 Ra3+ 51. Kf4 Ra4+ 52. Kf3 Kg6 53. Rg8+ Kf6 54. Rh8 Ke5 55. Rxh5 Ra3+ 56. Kf2 Ke4 57. Rh4+ Ke5 58. Rb4 f6 59. Rb5+ Ke6 60. Rb4 Rc3 61. Rf4 Ke5 62. Rb4 Rd3 63. Rb5+ Rd5 64. Rb6 Ke4 65. Rb4+ Rd4 66. Rb6 Rd2+ 67. Ke1 Rg2 68. Rxf6 Rxg3 69. Kf2 Ra3 70. Rb6 f4 71. Rb2 Kf5 72. Kf1 Kg4 73. Kf2 Rc3 74. Rd2 Ra3 75. Rb2 Rc3 76. Rd2 Rb3 77. Ra2 Rh3 78. Kg2 f3+ 79. Kg1 Kg3 80. Ra8 f2+ 81. Kf1 Rh1+ 82. Ke2 f1=Q+ 83. Ke3 Qf3+ 84. Kd4 Qxa8 0-1


[Site "https://www.chess.com"]

[Event "Titled Tuesday Blitz August 09 Early 2022"]
[White "Vlassov, Nikolai"]
[Black "Leve, Nitai"]
[WhiteFideId "4103360"]
[BlackFideId "2006898"]
[WhiteElo "2324"]
[BlackElo "2144"]
[Result "1-0"]
[Round "08"]
[TimeControl "180+1"]
[Date "2022.08.09"]
[WhiteClock "0:01:23"]
[BlackClock "0:00:36"]

1. e4 c6 2. d4 d5 3. e5 c5 4. dxc5 Nc6 5. Bb5 Bf5 6. Nf3 e6 7. Be3 Ne7 8. O-O Bg4 9. c3 a6 10. Ba4 a5 11. Nbd2 Nf5 12. Bxc6+ bxc6 13. Qa4 Bxf3 14. Qxc6+ Ke7 15. Nxf3 Nxe3 16. fxe3 Rc8 17. Qb5 f6 18. c4 Kf7 19. Ng5+ Kg6 20. Nxe6 Qe7 21. cxd5 h5 22. Qd3+ Kh6 23. exf6 gxf6 24. Qf5 Rg8 25. Qxf6+ Kh7 26. Qxe7+ Bxe7 27. Rf7+ 1-0


[Site "https://www.chess.com"]

[Event "Titled Tuesday Blitz August 09 Early 2022"]
[White "Volkov, Maksim"]
[Black "Blanco Ronquillo, Humberto L."]
[WhiteFideId "54123070"]
[BlackFideId "3504239"]
[WhiteElo "2683"]
[BlackElo "2607"]
[Result "0-1"]
[Round "08"]
[TimeControl "180+1"]
[Date "2022.08.09"]
[WhiteClock "0:00:43"]
[BlackClock "0:00:40"]

1. d4 Nf6 2. c4 e6 3. g3 d5 4. Nf3 Be7 5. Bg2 O-O 6. O-O dxc4 7. Ne5 Nc6 8. Bxc6 bxc6 9. Nxc6 Qe8 10. Nxe7+ Qxe7 11. Qc2 e5 12. dxe5 Qxe5 13. Bf4 Qh5 14. f3 Bh3 15. Rf2 Nd5 16. Bd2 Be6 17. e4 Ne7 18. Nc3 Nc6 19. Qa4 Ne5 20. g4 Qh3 21. Raf1 Rfd8 22. Bf4 Nd3 23. Bxc7 Rdc8 24. Bg3 Nxf2 25. Rxf2 Rd8 26. Qc6 h5 27. gxh5 Qxh5 28. Kg2 Rac8 29. Qa6 Rd3 30. h4 Qc5 31. Nd5 Bxd5 32. Qxc8+ Qxc8 0-1


[Site "https://www.chess.com"]

[Event "Titled Tuesday Blitz August 09 Early 2022"]
[White "Wagner, Dennis"]
[Black "Gareyev, Timur"]
[WhiteFideId "24650684"]
[BlackFideId "14200937"]
[WhiteElo "2712"]
[BlackElo "2865"]
[Result "1-0"]
[Round "08"]
[TimeControl "180+1"]
[Date "2022.08.09"]
[WhiteClock "0:00:26"]
[BlackClock "0:00:28"]

1. e4 e5 2. Nf3 Nc6 3. Bb5 a6 4. Ba4 Nf6 5. O-O Bc5 6. c3 b5 7. Bb3 d6 8. a4 Bg4 9. h3 Bh5 10. d3 O-O 11. Nbd2 Ne7 12. Re1 Ng6 13. Nf1 Nh4 14. g4 Nxg4 15. hxg4 Bxg4 16. N1h2 Bxf3 17. Nxf3 Qf6 18. Nxh4 Bxf2+ 19. Kg2 Qxh4 20. Rh1 Qg3+ 21. Kf1 Bc5 22. d4 exd4 23. cxd4 Bxd4 24. Qxd4 Qf3+ 25. Kg1 Qg3+ 26. Kf1 Qxb3 27. Ra3 Qe6 28. Rah3 f5 29. Rxh7 fxe4+ 30. Ke1 Qe5 31. Qxe5 dxe5 32. Rh8+ 1-0


[Site "https://www.chess.com"]

[Event "Titled Tuesday Blitz August 09 Early 2022"]
[White "Wieczorek, Oskar"]
[Black "Vovk, Orest"]
[WhiteFideId "1133950"]
[BlackFideId "14113490"]
[WhiteElo "2726"]
[BlackElo "2613"]
[Result "1-0"]
[Round "08"]
[TimeControl "180+1"]
[Date "2022.08.09"]
[WhiteClock "0:00:30"]
[BlackClock "0:00:04"]

1. e4 g5 2. Qh5 Nf6 3. Qe2 d6 4. d3 g4 5. Nc3 Nc6 6. Be3 Bg7 7. h3 h5 8. Qd2 Be6 9. f4 gxf3 10. Nxf3 d5 11. e5 d4 12. exf6 dxc3 13. bxc3 Bxf6 14. Rb1 Qd5 15. c4 Qf5 16. Rb5 Qg6 17. d4 O-O-O 18. d5 Bf5 19. Bd3 Ne5 20. Nxe5 Bxe5 21. O-O Bxd3 22. Qxd3 Qg3 23. Bf4 Bxf4 24. Qf5+ e6 25. Qxf4 Qxf4 26. Rxf4 a6 27. Rc5 b6 28. Rc6 exd5 29. Rxf7 Rd7 30. Rxd7 Kxd7 31. cxd5 Re8 32. Kf2 Re4 33. c4 h4 34. Kf3 Rd4 35. Ke3 Rd1 36. Rh6 Ra1 37. Rxh4 Rxa2 38. g4 a5 39. Kd4 a4 40. Rh7+ Kd6 41. Rh6+ Kd7 42. c5 Rd2+ 43. Kc3 Rxd5 44. cxb6 cxb6 45. Rxb6 Ra5 46. Kb2 a3+ 47. Ka2 Ra8 48. Rb3 Ke6 49. Rxa3 Rd8 50. Rf3 Rd2+ 51. Kb3 Ke5 52. Kc3 Rh2 53. Kd3 Ra2 54. Ke3 Ra3+ 55. Kf2 Ra2+ 56. Kg3 Ke4 57. Rf4+ Ke5 58. Rf8 Ra3+ 59. Kh4 Ra7 60. g5 Rh7+ 61. Kg4 Ra7 62. g6 Ra4+ 63. Kg5 Ra1 64. g7 Rg1+ 65. Kh6 Rh1 66. g8=Q Rxh3+ 67. Kg7 1-0


[Site "https://www.chess.com"]

[Event "Titled Tuesday Blitz August 09 Early 2022"]
[White "Williams, Simon K"]
[Black "Kilic, Eray"]
[WhiteFideId "404454"]
[BlackFideId "44517173"]
[WhiteElo "2548"]
[BlackElo "2772"]
[Result "0-1"]
[Round "08"]
[TimeControl "180+1"]
[Date "2022.08.09"]
[WhiteClock "0:00:07"]
[BlackClock "0:00:37"]

1. d4 Nf6 2. Bg5 d5 3. Bxf6 gxf6 4. c4 e6 5. Nc3 dxc4 6. e3 c5 7. d5 exd5 8. Qxd5 Nc6 9. Bxc4 Be6 10. Qxd8+ Rxd8 11. Bb5 Rg8 12. g3 Bd7 13. O-O-O a6 14. Bd3 Bg4 15. f3 Ne5 16. Bxh7 Rxd1+ 17. Nxd1 Rh8 18. Be4 Be6 19. Bxb7 Bxa2 20. Bxa6 Bd5 21. e4 Bc6 22. Ne3 Bh6 23. Kd2 Kd7 24. Ke2 Rb8 25. Nd1 Rb6 26. Bd3 Ba4 27. Nh3 Nxd3 28. Kxd3 Rd6+ 29. Kc4 Bxd1 30. f4 Bf8 31. Nf2 Be2+ 32. Kc3 Be7 33. Re1 Bb5 34. h4 Bd8 35. h5 Ba5+ 36. Kc2 Bxe1 37. h6 Rd2+ 38. Kc1 Rxf2 0-1


[Site "https://www.chess.com"]

[Event "Titled Tuesday Blitz August 09 Early 2022"]
[White "Xu, Yi"]
[Black "Karttunen, Mika"]
[WhiteFideId "8605564"]
[BlackFideId "502081"]
[WhiteElo "2834"]
[BlackElo "2709"]
[Result "1-0"]
[Round "08"]
[TimeControl "180+1"]
[Date "2022.08.09"]
[WhiteClock "0:00:34"]
[BlackClock "0:00:02"]

1. e4 c5 2. Nf3 d6 3. d4 cxd4 4. Nxd4 Nf6 5. Nc3 a6 6. f3 e5 7. Nb3 Be7 8. Be3 Be6 9. Qd2 O-O 10. O-O-O Nbd7 11. g4 b5 12. g5 Nh5 13. Kb1 Nb6 14. Na5 Qc7 15. a3 Rac8 16. h4 Ng3 17. Rg1 Nxf1 18. Rgxf1 Nc4 19. Nxc4 Qxc4 20. f4 f5 21. gxf6 Bxf6 22. f5 Bf7 23. Bg5 Kh8 24. Bxf6 gxf6 25. Qxd6 Bh5 26. Rd3 Rcd8 27. Qxd8 Rxd8 28. Rxd8+ Kg7 29. Rg1+ Kh6 30. Rd6 Bf3 31. Rg5 Qf1+ 32. Ka2 Bh5 33. Rxf6+ Bg6 34. Rc6 Qe1 35. fxg6 Qxh4 36. g7+ 1-0


[Site "https://www.chess.com"]

[Event "Titled Tuesday Blitz August 09 Early 2022"]
[White "Yaksin, Oleg"]
[Black "Janaszak, Dawid"]
[WhiteFideId "24105880"]
[BlackFideId "1119206"]
[WhiteElo "2678"]
[BlackElo "2547"]
[Result "1-0"]
[Round "08"]
[TimeControl "180+1"]
[Date "2022.08.09"]
[WhiteClock "0:00:08"]
[BlackClock "0:00:12"]

1. d4 d5 2. c4 dxc4 3. Nf3 Nf6 4. e3 a6 5. Bxc4 b5 6. Be2 Bb7 7. O-O Nbd7 8. a4 b4 9. Nbd2 e6 10. Nc4 a5 11. b3 Be7 12. Bb2 O-O 13. Rc1 Ne4 14. Nfd2 Ndf6 15. Nxe4 Nxe4 16. Bf3 Bd5 17. Ne5 Bd6 18. Qc2 f5 19. Nc4 Qh4 20. g3 Qh6 21. Bg2 Ng5 22. Nxd6 Bxg2 23. f4 Bxf1 24. fxg5 Qxg5 25. Qxc7 Bh3 26. Re1 Qd8 27. Qc6 Qe7 28. Nc4 Rfc8 29. Qb6 Rcb8 30. Qc6 Qe8 31. Qf3 Bg4 32. Qf4 Qc6 33. e4 Rd8 34. Qg5 h6 35. Qg6 Qe8 36. Qxe8+ Rxe8 37. Nd6 Red8 38. e5 Ra7 39. Rc1 Bf3 40. Nb5 Rad7 41. Rc5 Bd5 42. Nd6 Bxb3 43. Rxa5 Bd5 44. Rb5 b3 45. a5 Ra7 46. Bc3 Rda8 47. Kf2 Kh7 48. Ke3 h5 49. h4 g6 50. Kd2 Rc7 51. Rb6 Rd8 52. Nb5 Rc6 53. Nd6 Rxb6 54. axb6 Rb8 55. Ba5 Be4 56. Kc3 Bc2 57. Kb2 Kg7 58. b7 Kf8 59. Bc7 Rxb7 60. Nxb7 Ke7 61. Nc5 Bd1 62. Bd6+ Kf7 63. Nxb3 g5 64. hxg5 Kg6 65. Be7 f4 66. gxf4 h4 67. Nd2 h3 68. Nf1 Be2 69. Nh2 Bd3 70. Kc3 Be4 71. Kd2 Kh5 72. Ke3 Bf5 73. Kf3 Kh4 74. g6+ Kh5 75. g7 Bh7 76. Kg3 Kg6 77. Bf6 Kf7 78. Kxh3 Bf5+ 79. Kh4 Bg6 80. Kg5 Bf5 81. Ng4 Bh7 82. Nh6+ 1-0


[Site "https://www.chess.com"]

[Event "Titled Tuesday Blitz August 09 Early 2022"]
[White "Yedidia, Daniel"]
[Black "Chernomordik, Pavel"]
[WhiteFideId "30905907"]
[BlackFideId "2804530"]
[WhiteElo "2540"]
[BlackElo "2217"]
[Result "1-0"]
[Round "08"]
[TimeControl "180+1"]
[Date "2022.08.09"]
[WhiteClock "0:01:05"]
[BlackClock "0:01:14"]

1. d4 g6 2. c4 Bg7 3. Nc3 d6 4. Nf3 Nc6 5. e4 Bg4 6. d5 Nd4 7. Qa4+ Bd7 8. Qd1 Bg4 9. Be2 Nxe2 10. Qxe2 Nf6 11. Be3 Nd7 12. h3 Bxf3 13. Qxf3 c6 14. Rc1 Qa5 15. a3 Qa6 16. Qe2 Ne5 17. Na2 cxd5 18. Nb4 Qa4 19. cxd5 a5 20. Na2 Qxe4 21. Qb5+ Kf8 22. Qxb7 Re8 23. Rc8 Bh6 24. Rxe8+ Kxe8 25. Qc8# 1-0


[Site "https://www.chess.com"]

[Event "Titled Tuesday Blitz August 09 Early 2022"]
[White "Zamorano, Jorge"]
[Black "Sztokbant, Bernardo Vainzoff"]
[WhiteFideId "173770"]
[BlackFideId "2115956"]
[WhiteElo "2331"]
[BlackElo "2209"]
[Result "1-0"]
[Round "08"]
[TimeControl "180+1"]
[Date "2022.08.09"]
[WhiteClock "0:00:07"]
[BlackClock "0:00:01"]

1. e4 c5 2. Nf3 d6 3. d4 cxd4 4. Nxd4 Nf6 5. Nc3 a6 6. Bc4 e6 7. Bb3 Nbd7 8. f4 Be7 9. Bxe6 fxe6 10. Nxe6 Qa5 11. Nxg7+ Kf8 12. Ne6+ Ke8 13. Bd2 Rg8 14. Qf3 Nc5 15. Nd5 Qxd2+ 16. Kxd2 Ncxe4+ 17. Kc1 Bxe6 18. Nc7+ Kf7 19. Nxa8 Rxa8 20. f5 Bd5 21. Rd1 Bc6 22. Qb3+ d5 23. Kb1 Rg8 24. g3 Rg5 25. Qf3 Nd6 26. a3 Rxf5 27. Qe3 Nc4 28. Qh6 Rh5 29. Qf4 Rxh2 30. b3 Nxa3+ 31. Rxa3 Bxa3 32. g4 Re2 33. g5 Re6 34. gxf6 Rxf6 35. Qh4 h6 36. Re1 Bd6 37. Qh5+ Kf8 38. Rg1 Ke7 39. Qh4 Be5 40. Re1 Ke6 41. Qb4 h5 42. Qh4 Rf5 43. Qh3 d4 44. Rf1 Be4 45. Rxf5 Bxf5 46. Qxh5 d3 47. Qe8+ Kf6 48. Qd8+ Ke6 49. cxd3 Bd6 50. Kc2 Kd5 51. Qf6 Be6 52. Qd8 Kc6 53. Qe8+ Bd7 54. Qe4+ Kc7 55. d4 Bc6 56. Qh7+ Kb6 57. Kc3 a5 58. Qf7 Bb4+ 59. Kc2 Be4+ 60. Kb2 Bc6 61. Qc4 Bb5 62. Qe6+ Bc6 63. d5 Kc5 64. dxc6 bxc6 65. Kc2 Kb6 66. Kd3 Kb5 67. Qf5+ Kb6 68. Kc4 Ka6 69. Qc8+ Kb6 70. Qb8+ Ka6 71. Kd3 Bc5 72. Ke4 Bb4 73. Kf5 c5 74. Ke6 c4 75. bxc4 Bc5 76. Qb5+ 1-0


[Site "https://www.chess.com"]

[Event "Titled Tuesday Blitz August 09 Early 2022"]
[White "Zemlyanskii, Ivan"]
[Black "Nurmanova, Alua"]
[WhiteFideId "24249971"]
[BlackFideId "13729390"]
[WhiteElo "2671"]
[BlackElo "2539"]
[Result "1-0"]
[Round "08"]
[TimeControl "180+1"]
[Date "2022.08.09"]
[WhiteClock "0:01:10"]
[BlackClock "0:00:04"]

1. d4 Nf6 2. c4 g6 3. Nc3 Bg7 4. e4 d6 5. Nf3 O-O 6. Be2 e5 7. O-O Nc6 8. Be3 Ng4 9. Bg5 f6 10. Bc1 f5 11. Bg5 Qe8 12. dxe5 Ngxe5 13. Nxe5 Nxe5 14. f4 Ng4 15. Bxg4 fxg4 16. Qd3 Be6 17. b3 c6 18. Rad1 h6 19. Bh4 Qf7 20. Ne2 d5 21. cxd5 cxd5 22. exd5 Bf5 23. Qd2 Rac8 24. Rc1 Qd7 25. d6 Rfe8 26. Ng3 Rxc1 27. Rxc1 Re6 28. Nxf5 gxf5 29. Be7 Rxe7 30. dxe7 Qxd2 31. e8=Q+ Kh7 32. Rf1 Qxa2 33. Qe6 Qc2 34. Qd5 b6 35. g3 h5 36. Rf2 Qc1+ 37. Kg2 Qb1 38. Re2 h4 39. gxh4 a5 40. h5 b5 41. Qe6 Qd3 42. Qg6+ 1-0


[Site "https://www.chess.com"]

[Event "Titled Tuesday Blitz August 09 Early 2022"]
[White "Zhigalko, Sergei"]
[Black "Costachi, Mihnea"]
[WhiteFideId "13502956"]
[BlackFideId "1217518"]
[WhiteElo "2860"]
[BlackElo "2710"]
[Result "1-0"]
[Round "08"]
[TimeControl "180+1"]
[Date "2022.08.09"]
[WhiteClock "0:00:24"]
[BlackClock "0:00:10"]

1. e4 e5 2. Nf3 Nf6 3. d4 Nxe4 4. Bd3 d5 5. Nxe5 Nd7 6. Nxd7 Bxd7 7. O-O Bd6 8. Nc3 Nxc3 9. bxc3 O-O 10. Qh5 f5 11. Re1 Qf6 12. Qf3 Qf7 13. Bf4 Rae8 14. h4 Re4 15. Bxd6 Rxe1+ 16. Rxe1 cxd6 17. Qf4 Qf6 18. c4 dxc4 19. Bxc4+ Kh8 20. Bd5 b6 21. c4 Re8 22. Rxe8+ Bxe8 23. c5 bxc5 24. dxc5 dxc5 25. Qb8 Qg6 26. Bb3 Qc6 27. Bf7 g6 28. Qe5+ Qf6 29. Qxf6# 1-0


[Site "https://www.chess.com"]

[Event "Titled Tuesday Blitz August 09 Early 2022"]
[White "Zhukov, Maksim"]
[Black "Estrada Nieto, Julian"]
[WhiteFideId "34181790"]
[BlackFideId "5101018"]
[WhiteElo "1978"]
[BlackElo "2252"]
[Result "1-0"]
[Round "08"]
[TimeControl "180+1"]
[Date "2022.08.09"]
[WhiteClock "0:00:05"]
[BlackClock "0:00:09"]

1. d4 d5 2. c4 dxc4 3. e3 Nf6 4. Bxc4 e6 5. Nf3 c5 6. O-O a6 7. Bd3 Nc6 8. Qe2 cxd4 9. Rd1 Be7 10. exd4 O-O 11. Nc3 Nb4 12. Bb1 b5 13. Bg5 Bb7 14. a4 bxa4 15. Rxa4 Nbd5 16. Qd3 g6 17. Ne5 Rc8 18. Qh3 Nh5 19. Bh6 Re8 20. g4 Ndf4 21. Qe3 Bg5 22. Bxg5 Qxg5 23. Ne4 Bxe4 24. Bxe4 Nf6 25. h4 Qxh4 26. Qxf4 Nxe4 27. Qxe4 f5 28. Qh1 Qg5 29. Rxa6 Rc2 30. Ra7 fxg4 31. Qxh7+ Kf8 32. Qf7# 1-0


[Site "https://www.chess.com"]

[Event "Titled Tuesday Blitz August 09 Early 2022"]
[White "Ziatdinov, Raset"]
[Black "Shohat, Yotam"]
[WhiteFideId "2015323"]
[BlackFideId "2813955"]
[WhiteElo "2220"]
[BlackElo "2119"]
[Result "0-1"]
[Round "08"]
[TimeControl "180+1"]
[Date "2022.08.09"]
[WhiteClock "0:01:00"]
[BlackClock "0:00:06"]

1. e4 g6 2. d4 Nf6 3. Nc3 d5 4. e5 Ne4 5. Bd3 Nxc3 6. bxc3 c5 7. Nf3 Nc6 8. O-O Bg4 9. h3 Bxf3 10. Qxf3 cxd4 11. cxd4 Nxd4 12. Qe3 Qb6 13. Ba3 Nc6 14. Bc5 d4 15. Bxb6 dxe3 16. Bxe3 Nxe5 17. Bb5+ Nc6 18. Bd4 f6 19. Rfe1 O-O-O 20. Bxc6 Rxd4 21. Bf3 e5 22. c3 Rd8 23. Rab1 b6 24. a4 Bc5 25. Rb5 Rd2 26. Rf1 Rhd8 27. a5 Kc7 28. axb6+ axb6 29. Rb3 f5 30. g3 e4 31. Bg2 Rxf2 32. Rxf2 Rd2 33. Rb2 Rxb2 34. Bf1 Rxf2 35. g4 f4 36. g5 f3 37. c4 Rg2+ 38. Kh1 Rg1+ 39. Kh2 Rxf1 40. h4 Rf2+ 41. Kg3 Rc2 42. h5 Bd6+ 43. Kg4 Rg2+ 44. Kh3 Rxg5 45. hxg6 Rxg6 46. Kh4 f2 47. Kh5 f1=Q 48. Kh4 Qh1# 0-1


[Site "https://www.chess.com"]

[Event "Titled Tuesday Blitz August 09 Early 2022"]
[White "Zou, Chen"]
[Black "Matlakov, Maxim"]
[WhiteFideId "8610959"]
[BlackFideId "4168003"]
[WhiteElo "2734"]
[BlackElo "2900"]
[Result "1/2-1/2"]
[Round "08"]
[TimeControl "180+1"]
[Date "2022.08.09"]
[WhiteClock "0:00:03"]
[BlackClock "0:00:21"]

1. d4 d5 2. c4 c6 3. Nf3 Nf6 4. e3 Bf5 5. Nc3 e6 6. Nh4 Be4 7. f3 Bg6 8. Qb3 Qc7 9. Bd2 Be7 10. O-O-O a5 11. Nxg6 hxg6 12. cxd5 exd5 13. e4 a4 14. Qc2 a3 15. b3 dxe4 16. fxe4 Bb4 17. Kb1 O-O 18. Bd3 Rd8 19. e5 Bxc3 20. Bxc3 Nd5 21. e6 fxe6 22. Bxg6 Nd7 23. Bd2 N7f6 24. Rhe1 Qd6 25. g3 Ne7 26. Bd3 Ned5 27. Bf1 Re8 28. Bh3 Re7 29. Re2 Rae8 30. Rde1 e5 31. dxe5 Rxe5 32. Rxe5 Rxe5 33. Rxe5 Qxe5 34. Bg2 Qe2 35. Bxd5+ Nxd5 36. Bc1 Qe5 37. Bxa3 Nc3+ 38. Kc1 Qe3+ 39. Kb2 Nd5 40. Kb1 Nc3+ 41. Ka1 b5 42. Bb2 b4 43. Bxc3 bxc3 44. a4 Kf7 45. a5 Ke7 46. Ka2 Kd8 47. b4 Qe6+ 48. Ka3 Qc4 49. h4 Kc7 50. h5 Kb7 51. g4 c5 52. bxc5 Qxc5+ 53. Kb3 Qb5+ 54. Kxc3 Qxa5+ 55. Kb3 Qb5+ 56. Kc3 Qc5+ 57. Kd3 Qd5+ 58. Ke3 Qg5+ 59. Kf3 Qf6+ 60. Qf5 Qc3+ 61. Kf4 Qd2+ 62. Kg3 Qe1+ 63. Kg2 Qe2+ 64. Kg3 Qe1+ 65. Qf2 Qe5+ 66. Kg2 Kc7 67. Qg3 Kd6 68. Qxe5+ Kxe5 69. Kf3 Ke6 70. Kf4 Kf6 71. g5+ Ke6 72. Ke4 Ke7 73. Ke5 Kf7 74. Kd6 Kf8 75. Ke6 Ke8 76. g6 Kf8 77. Kd7 Kg8 78. Ke7 Kh8 79. Ke6 Kg8 80. Kd6 Kh8 81. Kd7 Kg8 82. Ke8 Kh8 83. Ke7 Kg8 84. Ke6 Kh8 85. Kf5 Kg8 86. Ke5 Kh8 87. Ke6 Kg8 88. Kf5 Kh8 89. Kg4 Kg8 90. Kg5 Kh8 91. Kf5 Kg8 92. Ke6 Kh8 93. h6 Kg8 94. h7+ Kh8 95. Ke7 1/2-1/2


[Site "https://www.chess.com"]

[Event "Titled Tuesday Blitz August 09 Early 2022"]
[White "parintele_chess"]
[Black "Tuleyeva-Aketayeva, Dana"]
[BlackFideId "13701932"]
[WhiteElo "2209"]
[BlackElo "1849"]
[Result "1-0"]
[Round "08"]
[TimeControl "180+1"]
[Date "2022.08.09"]
[WhiteClock "0:00:42"]
[BlackClock "0:00:11"]

1. d4 Nf6 2. Bf4 e6 3. Nf3 c5 4. e3 Be7 5. h3 O-O 6. Bd3 d5 7. c3 Nc6 8. O-O a6 9. a4 c4 10. Bc2 Bd7 11. Nbd2 b5 12. axb5 axb5 13. e4 Rxa1 14. Qxa1 dxe4 15. Nxe4 Nd5 16. Bh2 h6 17. Nc5 b4 18. Qa6 bxc3 19. bxc3 Nxc3 20. Qxc4 Nd5 21. Rb1 Na5 22. Qd3 g6 23. Ne5 Bxc5 24. Nxg6 Be7 25. Nxe7+ Nxe7 26. Qh7# 1-0


[Site "https://www.chess.com"]

[Event "Titled Tuesday Blitz August 09 Early 2022"]
[White "Aaditya Dhingra"]
[Black "Zemlyanskii, Ivan"]
[WhiteFideId "25678191"]
[BlackFideId "24249971"]
[WhiteElo "1849"]
[BlackElo "1879"]
[Result "0-1"]
[Round "09"]
[TimeControl "180+1"]
[Date "2022.08.09"]
[WhiteClock "0:00:05"]
[BlackClock "0:00:28"]

1. e4 c5 2. Nf3 e6 3. d4 cxd4 4. Nxd4 Nf6 5. Nc3 Nc6 6. Nxc6 bxc6 7. e5 Nd5 8. Ne4 Qc7 9. f4 Qb6 10. c4 Bb4+ 11. Ke2 f5 12. Nf2 Ba6 13. Kf3 Ne7 14. b3 Bc5 15. Nd3 Bd4 16. Bb2 Bb7 17. Qd2 g5 18. Rc1 c5+ 19. Ke2 Ng6 20. Bxd4 cxd4 21. fxg5 Be4 22. Kf2 Bxd3 23. Bxd3 Nxe5 24. h3 O-O 25. Rhe1 Ng6 26. c5 Qc7 27. c6 e5 28. cxd7 Qxd7 29. Kg1 e4 30. Bc4+ Kg7 31. Rcd1 Rad8 32. Qf2 Qd6 33. g3 e3 34. Qg2 f4 35. gxf4 Nxf4 36. Qh2 Qe5 37. h4 Rf5 38. Kh1 Qe4+ 39. Kg1 d3 40. Qg3 Re8 41. Bxd3 Nxd3 42. Qc7+ Kg8 43. Re2 Qg4+ 0-1


[Site "https://www.chess.com"]

[Event "Titled Tuesday Blitz August 09 Early 2022"]
[White "Adewumi, Tanitoluwa"]
[Black "Terrieux, Kevin"]
[WhiteFideId "30966396"]
[BlackFideId "622591"]
[WhiteElo "2525"]
[BlackElo "2461"]
[Result "0-1"]
[Round "09"]
[TimeControl "180+1"]
[Date "2022.08.09"]
[WhiteClock "0:00:01"]
[BlackClock "0:00:05"]

1. e4 c5 2. Nf3 e6 3. c3 Nf6 4. e5 Nd5 5. Bc4 Nb6 6. Bb3 c4 7. Bc2 Nc6 8. O-O d6 9. exd6 Bxd6 10. d3 cxd3 11. Qxd3 Be7 12. Qe4 Bf6 13. Rd1 Qe7 14. b3 Qc7 15. Bf4 e5 16. Na3 a6 17. Re1 Be6 18. Nxe5 Nxe5 19. Bxe5 Bxe5 20. Qxe5 Qxe5 21. Rxe5 O-O-O 22. Be4 Nd7 23. Ra5 Nf6 24. Bf5 Bxf5 25. Rxf5 Rd2 26. Nc4 Rc2 27. Rc5+ Kb8 28. Ne3 Rd2 29. Kf1 Rxf2+ 30. Kxf2 Ne4+ 31. Ke2 Nxc5 32. Rf1 f6 33. Nf5 Ne4 34. Kd3 Nc5+ 35. Kc2 Re8 36. Rf2 g6 37. Nd6 Re6 38. Nc4 f5 39. b4 Ne4 40. Rf3 b5 41. Ne3 Rd6 42. Nf1 Kb7 43. Rd3 Re6 44. Ne3 Nd6 45. Kd2 Kc6 46. g3 g5 47. Kc2 h6 48. Nd1 f4 49. gxf4 gxf4 50. Rd2 Ne4 51. Rd4 f3 52. Ne3 f2 53. Nf1 Ng5 54. Rf4 Re2+ 55. Kd3 Rxa2 56. h4 Ne6 57. Rf6 Kd5 58. Ne3+ Ke5 59. Ng4+ Kd6 60. Nxf2 Ke7 61. Rf3 a5 62. bxa5 Rxa5 63. Ne4 Ra3 64. Re3 b4 65. Kc2 bxc3 66. Nxc3 Ra5 67. Kd3 Kf6 68. Ne4+ Kf5 69. Ng3+ Kf6 70. Ke2 Ra2+ 71. Kf3 Nd4+ 72. Kg4 Ne6 73. Nh5+ Kf7 74. Rf3+ Ke7 75. Ng3 Ra4+ 76. Kh5 Ra5+ 77. Nf5+ Kf6 78. Kg4 h5+ 79. Kxh5 Ng7+ 80. Kg4 Nxf5 81. h5 Ra4+ 82. Rf4 Ra5 83. h6 Kg6 84. h7 Nh6+ 85. Kf3 Kxh7 86. Rf6 Kg7 87. Rb6 Nf7 88. Ke4 Re5+ 89. Kf4 Rh5 90. Kg4 Rh1 91. Kf5 Rf1+ 92. Kg4 Ne5+ 93. Kg5 Kf7 94. Rd6 Ke7 95. Rb6 Kd7 96. Rb7+ Ke6 97. Rb6+ Kd5 98. Rb5+ Kd4 99. Rb4+ Kc5 100. Re4 Kd5 101. Ra4 Rg1+ 102. Kf5 Nd7 103. Ra5+ Nc5 104. Ra8 Rf1+ 105. Kg4 Kd4 106. Rd8+ Ke5 107. Re8+ Ne6 108. Kg3 Rg1+ 109. Kf2 Rg4 110. Kf3 Ra4 111. Rb8 Nd4+ 112. Ke3 Ra3+ 113. Kd2 Kd5 114. Rd8+ Kc5 115. Rc8+ Nc6 116. Ke2 Kb5 0-1


[Site "https://www.chess.com"]

[Event "Titled Tuesday Blitz August 09 Early 2022"]
[White "Altman, Joshua"]
[Black "Rohith Krishna S"]
[WhiteFideId "426210"]
[BlackFideId "46617051"]
[WhiteElo "1945"]
[BlackElo "2118"]
[Result "0-1"]
[Round "09"]
[TimeControl "180+1"]
[Date "2022.08.09"]
[WhiteClock "0:00:11"]
[BlackClock "0:01:43"]

1. d4 c5 2. d5 Nf6 3. c4 d6 4. Nc3 g6 5. Nf3 Bg7 6. Bg5 O-O 7. e3 a6 8. a4 a5 9. Bd3 Na6 10. Rc1 Nb4 11. Bb1 h6 12. Bh4 g5 13. Bg3 Bg4 14. O-O Nh5 15. h3 Nxg3 16. fxg3 Bh5 17. g4 Bg6 18. Bxg6 fxg6 19. Qe2 Qd7 20. b3 e6 21. dxe6 Qxe6 22. Nb5 Rf7 23. Rcd1 Bf8 24. Qd2 Re8 25. Nxd6 Rd7 26. Nxe8 Rxd2 27. Nf6+ Qxf6 28. Rxd2 Qc3 29. Rd7 Qxe3+ 30. Kh1 Nd3 31. Rd8 Nf4 32. Re1 Qf2 33. Rg1 b6 34. Ne5 Kg7 35. Rd7+ Kf6 36. Nf3 Nxh3 37. Rd2 Qg3 38. Rf1 Nf4 39. Re1 Qxg4 40. Ne5 Qh4+ 41. Kg1 Qxe1+ 0-1


[Site "https://www.chess.com"]

[Event "Titled Tuesday Blitz August 09 Early 2022"]
[White "Andreikin, Dmitry"]
[Black "Le, Tuan Minh"]
[WhiteFideId "4158814"]
[BlackFideId "12401153"]
[WhiteElo "2736"]
[BlackElo "2530"]
[Result "1-0"]
[Round "09"]
[TimeControl "180+1"]
[Date "2022.08.09"]
[WhiteClock "0:00:06"]
[BlackClock "0:00:03"]

1. d4 Nc6 2. e4 e5 3. Nf3 exd4 4. Nxd4 Bc5 5. Be3 Qf6 6. c3 Nge7 7. Bb5 O-O 8. O-O Bb6 9. a4 d6 10. f4 a6 11. Bxc6 Nxc6 12. Kh1 Re8 13. Qd3 Nxd4 14. Bxd4 Bxd4 15. cxd4 d5 16. e5 Bf5 17. Qb3 Qg6 18. Nc3 c6 19. a5 h5 20. Na4 Re7 21. Qg3 Qh7 22. Qh4 Rae8 23. Nc5 Be4 24. Kg1 Qg6 25. Qg5 Qh7 26. f5 Kh8 27. Ra3 f6 28. exf6 gxf6 29. Qxf6+ Qg7 30. Qxg7+ Rxg7 31. Rg3 Rf7 32. Rg5 Bc2 33. Rxh5+ Kg7 34. Ne6+ Kf6 35. g4 Rg8 36. h3 Ke7 37. Nc5 Kd6 38. Kf2 Kc7 39. Re1 b6 40. axb6+ Kxb6 41. Rh6 Kb5 42. Ree6 Bxf5 43. Ref6 Rxf6 44. Rxf6 Bb1 45. b3 Kb4 46. Rxc6 Kc3 47. Ne6+ Kxb3 48. Rxa6 Kc3 49. Ke3 Re8 50. Rc6+ Kb4 51. Kf4 Rh8 52. Ng5 Bd3 53. Kg3 Bb5 54. Rc7 Bc4 55. h4 Kc3 56. Nf3 Kd3 57. h5 Re8 58. h6 Ke3 59. h7 Bd3 60. Re7+ Rxe7 61. h8=Q Be4 62. Qh6+ Kd3 63. Qf6 Ra7 64. g5 Ra1 65. g6 Kc3 66. g7 Ra8 67. Qf8 1-0


[Site "https://www.chess.com"]